 Dungeon Crawl Stone Soup version 0.29-a0-459-g97dee8cd24 (webtiles) character file.

Game seed: 11177348518758028760

128 croobank the Firebug (level 5, 0/37 HPs)
             Began as a Gnoll Fire Elementalist on May 20, 2022.
             Slain by Pikel
             ... wielding a +1 whip of flaming
              (1 damage)
             ... on level 3 of the Dungeon.
             The game lasted 00:09:57 (3611 turns).

croobank the Firebug (Gnoll Fire Elementalist)      Turns: 3611, Time: 00:10:04

Health: 0/37       AC:  3    Str:  7    XL:     5   Next: 12%
Magic:  9/12       EV: 13    Int: 19    God:
Gold:   162        SH:  0    Dex: 13    Spells: 7/14 levels left

rFire   . . .      SeeInvis .   n - +0 war axe
rCold   . . .      Faith    .   (no shield)
rNeg    . . .      Spirit   .   a - +0 robe
rPois   .          Reflect  .   t - +0 helmet {Int+3}
rElec   .          Harm     .   (no cloak)
rCorr   .          Rampage  .   (no gloves)
Will    +....                   (no boots)
Stlth   +++.......              p - amulet of magic regeneration
HPRegen 0.12/turn               d - ring of willpower
MPRegen 0.53/turn               (no ring)

@: about to teleport, very slightly contaminated
A: fangs 1, strong nose, distributed training
a: no special abilities


You were on level 3 of the Dungeon.
You visited 1 branch of the dungeon, and saw 4 of its levels.

You collected 162 gold pieces.

Inventory:

Hand Weapons
 f - a +0 mace
 n - a +0 war axe (weapon)
 x - a +0 trident
Missiles
 w - 4 poisoned darts
Armour
 a - a +0 robe (worn)
 m - a +3 plate armour
 t - a +0 helmet of intelligence (worn)
 v - a +0 ring mail
Magical Staves
 e - a staff of cold
Jewellery
 d - a ring of willpower (left hand)
 k - an amulet of the acrobat
 p - an amulet of magic regeneration (around neck)
 q - a ring of ice
Scrolls
 g - 2 scrolls of summoning {unknown}
 h - a scroll of silence {unknown}
 i - 2 scrolls of teleportation
 r - a scroll of fear {unknown}
Potions
 b - a potion of magic
 c - a potion of haste
 j - a potion of flight
 l - 4 potions of heal wounds {unknown}
 o - a potion of berserk rage {unknown}
 s - a potion of invisibility {unknown}
 u - a potion of curing {unknown}


   Skills:
 + Level 1.3 Fighting
 + Level 1.3 Short Blades
 + Level 1.3 Long Blades
 + Level 1.3 Axes
 + Level 1.3 Maces & Flails
 + Level 1.3 Polearms
 + Level 1.3 Staves
 + Level 1.3 Slings
 + Level 1.3 Bows
 + Level 1.3 Crossbows
 + Level 1.3 Throwing
 + Level 1.3 Armour
 + Level 4.7 Dodging
 + Level 4.3 Stealth
 + Level 1.3 Shields
 + Level 1.3 Unarmed Combat
 + Level 5.1 Spellcasting
 + Level 2.3 Conjurations
 + Level 1.1 Hexes
 + Level 1.1 Summonings
 + Level 1.1 Necromancy
 + Level 1.1 Translocations
 + Level 1.1 Transmutations
 + Level 5.5 Fire Magic
 + Level 1.1 Ice Magic
 + Level 1.1 Air Magic
 + Level 1.1 Earth Magic
 + Level 1.1 Poison Magic
 + Level 1.5 Invocations
 + Level 1.3 Evocations


You had 7 spell levels left.
You knew the following spells:

 Your Spells              Type           Power      Damage    Failure   Level
a - Foxfire               Conj/Fire      76%        2x1d7     2%          1
b - Scorch                Fire           50%        2d8       1%          2
c - Flame Wave            Conj/Fire      19%        2d6       24%         4

Your spell library contained the following spells:

 Spells                   Type           Power      Damage    Failure   Level
 Conjure Flame            Conj/Fire      19%        6-21      8%          3
 Inner Flame              Hex/Fire       17%        N/A       10%         3


Dungeon Overview and Level Annotations

Branches:
Dungeon (4/15)
 Temple: D:4-7

Altars:
Kikubaaqudgha
Ru
Uskayaw

Shops:
D:1 [

Annotations:
D:3 Pikel
D:4 1 runed translucent door


Innate Abilities, Weirdness & Mutations

You have very sharp teeth.
Your uncanny sense of smell can sniff out nearby items.
Your experience applies equally to all skills.


Message History

The lemure completely misses you.
Casting: Scorch (safe; 1% risk of failure)
Confirm with . or Enter, or press ? or * to list all spells.
Flames lash the lemure.
The lemure is burned terribly!
You kill the lemure!
That felt strangely unrewarding.
You start resting.
Magic restored.
You start resting.
HP restored.
You climb downwards.
Level annotation: 1 runed translucent door, Pikel The lemure hits you but does no damage.
Pikel hits you with a +1 whip of flaming.
Pikel burns you.
There is a stone staircase leading up here.
The lemure hits you. Pikel closely misses you.
You climb upwards.
There is a stone staircase leading down here.
Casting: Scorch (safe; 1% risk of failure)
Confirm with . or Enter, or press ? or * to list all spells.
The spell is extremely dangerous to miscast (24% risk of failure)!
Continue anyway?
Casting: Flame Wave (extremely dangerous; 24% risk of failure)
Press: ? - help, Dir - look around, f - activate You miscast Flame Wave.
You are very lightly contaminated with residual magic.
Nothing appears to happen.
The lemure hits you.
Pikel hits you with a +1 whip of flaming!
* * * LOW HITPOINT WARNING * * *
Pikel burns you.
* * * LOW HITPOINT WARNING * * *
Okay, then.
As you read the scroll labelled DEPNYH MAYKA, it crumbles to dust.
You feel strangely unstable.
It was a scroll of teleportation.
The lemure hits you.
* * * LOW HITPOINT WARNING * * *
Pikel hits you with a +1 whip of flaming.
* * * LOW HITPOINT WARNING * * *
Pikel burns you.
You die...

######### ############# #.......#
#...........# ## #.#####.##
#.#######...# #. #.#......# #K#
####...#####. ###..#.##..# #@#
##.........##. ....###.#..#
#5###............†
.##..#.....#####.#...............
#####.##.......#.#.#.##....####..
# ####.#.###.#.#.#.##....# ##.
#.#.# #.#...........# #.
#.#.###.###.#.##.#### #. #
#.#...#.# #.#.##.# ##+ ##
#.###.#.# #......# ##..


You could see Pikel and a lemure.

Vanquished Creatures
  A lemure (D:3)
  Terence (D:3)
  An adder (D:2)
  3 gnolls (D:2)
  A dart slug (D:3)
  A worm (D:3)
  An orc (D:3)
  5 endoplasms
  5 giant cockroaches
  12 goblins
  7 hobgoblins
  2 jackals (D:4)
  3 quokkas
  3 ball pythons
  3 bats
  2 frilled lizards
  4 kobolds
  4 rats
59 creatures vanquished.

Vanquished Creatures (others)
  81 foxfires
81 creatures vanquished.

Grand Total: 140 creatures vanquished

Notes
Turn   | Place    | Note
-------+----------+-------------------------------------------
     0 | D:1      | croobank the Gnoll Fire Elementalist began the quest for
                  | the Orb.
     0 | D:1      | Reached XP level 1. HP: 13/13 MP: 6/6
    62 | D:1      | Found Gaut's Antique Armour Boutique.
   203 | D:1      | Reached XP level 2. HP: 14/19 MP: 4/7
   206 | D:1      | Learned a level 2 spell: Scorch
  1087 | D:2      | Reached skill level 5 in Spellcasting
  1087 | D:2      | Reached XP level 3. HP: 25/25 MP: 3/9
  1266 | D:2      | Reached skill level 1 in Invocations
  1292 | D:2      | Reached skill level 1 in Fighting
  1292 | D:2      | Reached skill level 1 in Short Blades
  1292 | D:2      | Reached skill level 1 in Long Blades
  1292 | D:2      | Reached skill level 1 in Axes
  1292 | D:2      | Reached skill level 1 in Maces & Flails
  1292 | D:2      | Reached skill level 1 in Polearms
  1292 | D:2      | Reached skill level 1 in Staves
  1292 | D:2      | Reached skill level 1 in Slings
  1292 | D:2      | Reached skill level 1 in Bows
  1292 | D:2      | Reached skill level 1 in Crossbows
  1292 | D:2      | Reached skill level 1 in Throwing
  1292 | D:2      | Reached skill level 1 in Armour
  1292 | D:2      | Reached skill level 1 in Shields
  1292 | D:2      | Reached skill level 1 in Unarmed Combat
  1292 | D:2      | Reached skill level 1 in Evocations
  1320 | D:2      | Reached XP level 4. HP: 11/32 MP: 1/11
  2167 | D:2      | Found a faded altar of an unknown god.
  2494 | D:3      | Found an ancient bone altar of Kikubaaqudgha.
  2510 | D:3      | Found a hide-covered altar of Uskayaw.
  2575 | D:3      | Reached skill level 1 in Hexes
  2575 | D:3      | Reached skill level 1 in Summonings
  2575 | D:3      | Reached skill level 1 in Necromancy
  2575 | D:3      | Reached skill level 1 in Translocations
  2575 | D:3      | Reached skill level 1 in Transmutations
  2575 | D:3      | Reached skill level 1 in Ice Magic
  2575 | D:3      | Reached skill level 1 in Air Magic
  2575 | D:3      | Reached skill level 1 in Earth Magic
  2575 | D:3      | Reached skill level 1 in Poison Magic
  2623 | D:3      | Found a sacrificial altar of Ru.
  2639 | D:3      | Learned a level 4 spell: Flame Wave
  3240 | D:3      | Noticed Terence
  3247 | D:3      | Killed Terence
  3248 | D:3      | Reached XP level 5. HP: 37/37 MP: 5/12
  3572 | D:4      | Found a runed translucent door.
  3576 | D:4      | Noticed a lemure
  3576 | D:4      | Noticed a lemure
  3580 | D:4      | Noticed Pikel
  3590 | D:3      | Killed a lemure
  3611 | D:3      | HP: 1/37 [Pikel/+1 whip of flaming (5)]
  3611 | D:3      | Slain by Pikel

Illustrated notes

Levels and vault maps discovered:
D:1:      roderic_crossed_star, layout_basic, serial_shops,
          nicolae_shop_advertising_works [nicolae_subvault_shop_adworks],
          chequers_mini_garden
D:2:      cheibrodos_greedy_goblins, layout_rooms,
          shapermc_ecumenical_altar_pompeii, minmay_parallelograms
D:3:      layout_loops_corners, mainiacjoe_overflow_chevrons,
          nicolae_overflow_squiral, uniq_terence
D:4:      layout_rooms, ebering_ghost_sewer_f, uniq_duvessa, uniq_robin,
          uniq_pikel

Skill      XL: |  1  2  3  4 |
---------------+-------------+-----
Conjurations   | 2 |  2.3
Spellcasting   | 5 |  5.1
Invocations    | 1 |  1.5
Fighting       | 1 |  1.3
Short Blades   | 1 |  1.3
Long Blades    | 1 |  1.3
Axes           | 1 |  1.3
Maces & Flails | 1 |  1.3
Polearms       | 1 |  1.3
Staves         | 1 |  1.3
Slings         | 1 |  1.3
Bows           | 1 |  1.3
Crossbows      | 1 |  1.3
Throwing       | 1 |  1.3
Armour         | 1 |  1.3
Shields        | 1 |  1.3
Unarmed Combat | 1 |  1.3
Evocations     | 1 |  1.3
Hexes          | 1 |  1.1
Summonings     | 1 |  1.1
Necromancy     | 1 |  1.1
Translocations | 1 |  1.1
Transmutations | 1 |  1.1
Ice Magic      | 1 |  1.1
Air Magic      | 1 |  1.1
Earth Magic    | 1 |  1.1
Poison Magic   | 1 |  1.1
Dodging        | |  4.7
Stealth        | |  4.3
Fire Magic     | |  5.5

Action                   |  1- 3 |  4- 6 || total
-------------------------+-------+-------++-------
Melee: Mace              |     6 |     3 ||     9
       Bite              |     1 |     1 ||     2
       War axe           |       |     2 ||     2
 Cast: Foxfire           |    28 |    19 ||    47
       Scorch            |    15 |    30 ||    45
  Use: Scroll            |     2 |     3 ||     5
       Potion            |     1 |       ||     1
Armor: Robe              |     1 |     3 ||     4
Dodge: Dodged            |    10 |     6 ||    16

Table legend: (Time is in decaauts)
 A = Elapsed time spent in this place.
 B = Non-inter-level travel time spent in this place.
 C = Inter-level travel time spent in this place.
 D = Time resting spent in this place.
 E = Time spent auto-exploring this place.
 F = Levels seen in this place.
 G = Mean time per level.
                   A        B        C        D        E       F      G
               +--------+--------+--------+--------+--------+-----+--------+
         Total |   3602 |   3499 |    103 |    533 |   2477 |   4 |  900.5 |
       Dungeon |   3602 |   3499 |    103 |    533 |   2477 |   4 |  900.5 |
               +--------+--------+--------+--------+--------+-----+--------+

Top non-repeatable levels by time:
     D:2: 1335 daAuts
     D:3: 1161 daAuts
     D:1: 1082 daAuts
     D:4: 23 daAuts
